 Dungeon Crawl Stone Soup version 0.17-a0-1475-g9f81d98 (webtiles) character file.

375 WellDressedCM the Skirmisher (level 6, 36/56 HPs)
             Began as a Minotaur Fighter on July 2, 2015.
             Quit the game on level 3 of the Dungeon.
             The game lasted 00:10:21 (1247 turns).

WellDressedCM the Skirmisher (Minotaur Fighter)     Turns: 1247, Time: 00:10:21

Health: 36/56      AC:  7    Str: 23    XL:     6   Next: 44%
Magic:  5/5        EV:  8    Int:  5    God:
Gold:   78         SH: 11    Dex:  9    Spells: 0 memorised, 5 levels left

rFire  . . .     SeeInvis .     a - +1 trident
rCold  . . .     Clarity  .     b - +0 scale mail
rNeg   . . .     SustAt   .     c - +1 shield
rPois  .         Gourm    .     (helmet restricted)
rElec  .         Spirit   .     (no cloak)
rCorr  .         Warding  .     (no gloves)
rMut   .         Stasis   .     (no boots)
MR     .....                    f - amulet of regeneration
Stlth  ..........               (no ring)
                                h - +6 ring of slaying

@: not resistant to hostile enchantments, extremely unstealthy
A: retaliatory headbutt, horns 2
a: no special abilities


You were on level 3 of the Dungeon.
You were not hungry.

You visited 1 branch of the dungeon, and saw 3 of its levels.

You collected 78 gold pieces.

Inventory:

Hand weapons
 a - a +1 trident (weapon)
Missiles
 i - 2 throwing nets (quivered)
Armour
 b - a +0 scale mail (worn)
 c - a +1 shield (worn)
Jewellery
 f - an amulet of regeneration (around neck)
 h - a +6 ring of slaying (left hand)
Scrolls
 j - a scroll of identify
Potions
 g - 2 potions of curing
Comestibles
 d - 8 chunks of flesh
 e - 2 bread rations


   Skills:
 * Level 5.4 Fighting
 * Level 4.7 Polearms
 + Level 5.0 Armour
 + Level 1.5 Dodging
 + Level 5.1 Shields


You had 5 spell levels left.
You didn't know any spells.

Dungeon Overview and Level Annotations

Branches:
Dungeon (3/15)

Altars:


Innate Abilities, Weirdness & Mutations

You reflexively headbutt those who attack you in melee.
You have a pair of horns on your head.


Message History

You miss something.
You hear some strange, mumbled words.
A puff of flame appears from out of thin air!
The puff of flame hits you!
You puncture something!
Reactivating autopickup.
You feel a bit more experienced.
Items here: )) [[ † a dagger; a robe; a club; a leather armour; an orc corpse You butcher the orc corpse.
d - 10 chunks of flesh (gained 4)
Items here: )) [[ a dagger; a robe; a club; a leather armour
Things that are here:
a trident; a leather armour Eat one of 10 chunks of flesh? (ye/n/q/i?) This raw flesh tastes terrible.
You continue eating. x2
Some of the chunks of flesh in your inventory have rotted away.
Are you sure you want to abandon this character and quit the game? (Confirm with "yes".)

###### .>...<#####
#..)..# #.@##.#
........##.#########
.#..##.###.........#
#. #. #########.# .
.. #.# ### #.# #.#
######.# #.....<#


There were no monsters in sight!

Vanquished Creatures
  Sigmund (D:2)
  An orc wizard (D:3)
  2 orc priests (D:3)
  An adder (D:2)
  8 gnolls (D:2)
  An ooze (D:2)
  2 worms (D:2)
  3 giant geckos
  2 orcs (D:3)
  2 ball pythons
  A giant cockroach (D:1)
  2 goblins
  3 hobgoblins
  A quokka (D:2)
  4 bats
  3 giant newts
  7 kobolds
  3 rats
47 creatures vanquished.

Notes
Turn   | Place    | Note
--------------------------------------------------------------
     0 | D:1      | WellDressedCM the Minotaur Fighter began the quest for the Orb.
     0 | D:1      | Reached XP level 1. HP: 19/19 MP: 0/0
   108 | D:1      | Reached XP level 2. HP: 21/27 MP: 1/1
   115 | D:1      | Reached skill level 4 in Fighting
   762 | D:2      | Noticed Sigmund
   777 | D:2      | Killed Sigmund
   777 | D:2      | Reached XP level 3. HP: 7/35 MP: 2/2
   777 | D:2      | Reached XP level 4. HP: 8/41 MP: 3/3
   777 | D:2      | Reached XP level 5. HP: 9/47 MP: 4/4
   826 | D:2      | Reached skill level 5 in Fighting
   829 | D:2      | Reached skill level 1 in Dodging
   924 | D:2      | Found a faded altar to an unknown god.
  1040 | D:2      | Reached XP level 6. HP: 56/56 MP: 5/5
  1228 | D:3      | Reached skill level 5 in Shields
  1231 | D:3      | Reached skill level 5 in Armour
  1247 | D:3      | Quit the game

Vault maps used:
D:1:      dpeg_arrival_solitude
D:2:      ecumenical_altar_2, st_stairs_8, uniq_sigmund
D:3:      yredelemnul_altar_generic, uniq_grinder

Action                   |  1- 3 |  4- 6 || total
-------------------------+-------+-------++-------
Melee: Trident           |    53 |    51 ||   104
  Use: Scroll            |     3 |     2 ||     5
       Potion            |     2 |       ||     2
  Eat: Chunk             |       |     2 ||     2
